 Dungeon Crawl Stone Soup version 0.31.0-32-g396128a36d (webtiles) character file.

Game seed: 16396202993421236505

2902 MisterFreud the Nimble (level 9, -26/48 HPs)
             Began as a Felid Berserker on Apr 3, 2024.
             Was a Priest of Trog.
             Annihilated by a boulder beetle (34 damage)
             ... on level 8 of the Dungeon.
             The game lasted 00:07:53 (5730 turns).

MisterFreud the Nimble (Felid Berserker)            Turns: 5730, Time: 00:07:53

Health: -26/48     AC:  2    Str: 19    XL:     9   Next: 49%
Magic:  10/10      EV: 27    Int: 10    God:    Trog [***...]
Gold:   391        SH:  0    Dex: 21    Spells: 8/8 levels left
                                        Lives:  0   Deaths: 3

rFire   . .          .
                       - Unarmed
rCold   . . .        (shield unavailable)
rNeg    . . .        (body armour unavailable)
rPois   .            (helmet unavailable)
rElec   .            (cloak unavailable)
rCorr   .            (gloves unavailable)
SInv    +            (boots unavailable)
Will    +....        (no amulet)
Stlth   ++++         g - +6 ring of strength
HPRegen 0.28/turn    (no ring)
MPRegen 0.12/turn

%: no passive effects
@: on berserk cooldown, slowed, very slow
A: very small, claws 1, fangs 3, see invisible, shaggy fur 2, stealthy paws, no
weapons or thrown items, no armour, multi-lived
a: Renounce Religion, Berserk, Trog's Hand


You were on level 8 of the Dungeon.
You worshipped Trog.
Trog was most pleased with you.
You visited 1 branch of the dungeon, and saw 8 of its levels.

You collected 560 gold pieces.
You spent 169 gold pieces at shops.

Inventory:

Jewellery
 g - a +6 ring of strength (left paw)
 h - a ring of flight
 r - a ring of fire
Talismans
 n - a maw talisman
Wands
 l - a wand of roots (6)
 m - a wand of polymorph (6)
 v - a wand of light (4)
 x - a wand of flame (15)
Scrolls
 a - 2 scrolls of fog
 d - 3 scrolls of identify
 i - a scroll of enchant armour
 p - a scroll of blinking {unknown}
 u - a scroll of fear {unknown}
 w - a scroll of poison
Potions
 b - 2 potions of resistance
 c - 3 potions of cancellation
 e - 2 potions of degeneration
 f - 2 potions of curing
 j - 2 potions of heal wounds
 k - 2 potions of magic
 o - a potion of invisibility
 q - a potion of ambrosia {unknown}
 s - a potion of might
 t - 3 potions of attraction


   Skills:
 - Level 6.0 Fighting
 + Level 11.3 Dodging
 + Level 8.5 Stealth
 + Level 7.3 Unarmed Combat


You had 8 spell levels left.
You didn't know any spells.
Your spell library was empty.

Dungeon Overview and Level Annotations

Branches:
Dungeon (8/15)             Temple (0/1) D:6
   Lair: D:8-11

Altars:
Ashenzari
Fedhas
Gozag
Hepliaklqana
Nemelex Xobeh
Sif Muna
Uskayaw

Shops:
D:4 =   D:6 *   D:7 :   D:8 !


Innate Abilities, Weirdness & Mutations

You have sharp claws.
You have razor-sharp teeth.
You have supernaturally acute eyesight. (SInv)
You are covered in thick fur. (AC +2)
Your paws help you pounce on unaware monsters.
You are incapable of wielding weapons or throwing items.
You cannot wear armour.
You gain extra lives every three experience levels.


Message History

* * * LOW HITPOINT WARNING * * *
Things that are here:
a +0 dagger; a +0 robe; a +0 buckler You closely miss the orc.
You claw the orc.
The orc is severely wounded.
The orc misses you.
You scratch the orc.
You kill the orc!
Trog accepts your kill.
A bullfrog comes into view.
x - a wand of flame (16)
Things that are here:
a +0 flail; a +0 leather armour; an orc corpse You feel a strong urge to attack something.
You are no longer berserk.
You are exhausted.
You feel yourself slow down.
Aiming: Fastroot
Press: ? - help, Shift-Dir - straight line, f - boulder beetle
Aim: a boulder beetle (severely wounded)
The roots erupt in riotous growth!
Roots grab the boulder beetle.
The grasping roots constrict the boulder beetle, but do no damage.
You hear a shout!
The boulder beetle struggles to leap free from constriction.
Unknown command.
Unknown command.
Aiming: Throw Flame
Press: ? - help, Shift-Dir - straight line, f/p - boulder beetle
Aim: a boulder beetle (severely wounded, constricted by roots, 100% to hit)
The puff of flame hits the boulder beetle but does no damage.
The boulder beetle is severely wounded.
The grasping roots constrict the boulder beetle, but do no damage.
The roots release their grip on the boulder beetle.
An orc comes into view. It is wielding a +0 dagger.
The boulder beetle curls into a ball and begins rolling!
Unknown command.
The boulder beetle hits you!!
Ouch! That really hurt!
You die...

#...........#
#..
#####.#######
## #.# #.#
#.# #.#
#.###########
#..F○B....o.#
##.###@####.#
#.# #.# #.#
#.# #B# #.#
#.# #.# #.#
#.. #F# ###


You could see a boulder beetle (rolling), a bullfrog (wandering) and an orc.

Vanquished Creatures
  A cane toad (D:6)
  Grinder (D:4)
  A wyvern (D:8)
  Sigmund (D:4)
  2 sky beasts (D:7)
  2 ice beasts (D:5)
  An ogre (D:5)
  A black bear (D:6)
  2 centaurs
  2 phantoms (D:5)
  A bullfrog (D:7)
  A kobold brigand (D:6)
  3 scorpions (D:5)
  5 howler monkeys
  A jelly (D:5)
  4 orc priests
  2 bombardier beetles (D:5)
  4 hounds
  A sleepcap (D:5)
  Terence (D:2)
  An iguana (D:5)
  4 orc wizards
  6 adders
  3 gnolls (D:5)
  A white imp (D:7)
  2 ufetubi (D:7)
  3 ribbon worms
  6 dart slugs
  24 orcs
  6 ball pythons
  5 bats
  7 endoplasms
  4 giant cockroaches
  3 goblins
  5 hobgoblins
  6 quokkas
  4 frilled lizards
  11 kobolds
  6 rats
144 creatures vanquished.

Notes
Turn   | Place    | Note
-------+----------+-------------------------------------------
     0 | D:1      | MisterFreud the Felid Berserker began the quest for the
                  | Orb.
     0 | D:1      | Reached XP level 1. HP: 12/12 MP: 2/2
    84 | D:1      | Reached XP level 2. HP: 12/16 MP: 3/3
   212 | D:1      | Reached skill level 1 in Stealth
   535 | D:1      | Reached XP level 3. HP: 9/20 MP: 4/4
   785 | D:2      | Noticed Terence
   794 | D:2      | Killed Terence
   795 | D:2      | Reached ** piety under Trog
  1021 | D:2      | Reached XP level 4. HP: 24/24 MP: 5/5
  1021 | D:2      | Gained a life (2 lives remaining)
  1068 | D:2      | Found a faded altar of an unknown god.
  1891 | D:3      | Found a hide-covered altar of Uskayaw.
  2031 | D:3      | You fall into a shaft and drop 3 floors!
  2041 | D:6      | Found Neji's Assorted Antiques.
  2044 | D:6      | Bought a scroll labelled REKHOD EMEARAL for 25 gold pieces
  2044 | D:6      | Bought a pink potion for 22 gold pieces
  2044 | D:6      | Bought a yellow potion for 22 gold pieces
  2044 | D:6      | Bought an ivory wand for 100 gold pieces
  2108 | D:5      | Entered Level 5 of the Dungeon
  2128 | D:5      | Noticed an ice beast
  2132 | D:5      | Reached XP level 5. HP: 22/28 MP: 6/6
  2144 | D:5      | Killed an ice beast
  2145 | D:5      | Reached skill level 5 in Stealth
  2145 | D:5      | Reached skill level 5 in Unarmed Combat
  2147 | D:5      | Gained mutation: You are covered in thick fur. (AC +2)
                  | [Felid growth]
  2147 | D:5      | Reached XP level 6. HP: 13/32 MP: 7/7
  2341 | D:5      | Reached skill level 5 in Dodging
  2481 | D:4      | Noticed Grinder
  2492 | D:4      | Killed Grinder
  2493 | D:4      | Reached skill level 6 in Dodging
  2493 | D:4      | Reached XP level 7. HP: 18/36 MP: 8/8
  2615 | D:4      | Noticed Sigmund
  2620 | D:4      | Killed Sigmund
  2621 | D:4      | Reached skill level 8 in Dodging
  2819 | D:4      | Found Etepaoki's Jewellery Boutique.
  3230 | D:5      | Slain by an orc
  3230 | D:5      | Lost a life (1 life remaining)
  3372 | D:5      | Reached skill level 9 in Dodging
  3372 | D:5      | Reached XP level 8. HP: 25/40 MP: 9/9
  3372 | D:5      | Gained a life (2 lives remaining)
  3404 | D:5      | Reached skill level 10 in Dodging
  3650 | D:5      | Reached skill level 5 in Fighting
  3960 | D:6      | Found a staircase to the Ecumenical Temple.
  4096 | D:6      | Found a broken altar of Ashenzari.
  4096 | D:6      | Found a shimmering blue altar of Sif Muna.
  4101 | D:6      | Noticed Prince Ribbit
  4139 | D:6      | Prince Ribbit changed into Prince Ribbit the cane toad
  4139 | D:6      | Noticed Prince Ribbit
  4140 | D:6      | Slain by Prince Ribbit the cane toad
  4140 | D:6      | Lost a life (1 life remaining)
  4307 | D:6      | Killed Prince Ribbit the cane toad
  4308 | D:6      | Reached XP level 9. HP: 17/48 MP: 10/10
  4465 | D:6      | Reached *** piety under Trog
  4568 | D:6      | Found a blossoming altar of Fedhas.
  4904 | D:7      | Reached skill level 11 in Dodging
  5050 | D:7      | Found a hazy altar of Hepliaklqana.
  5353 | D:7      | Found Zocicseu's Book Shoppe.
  5457 | D:8      | Found Puydeo's Distillery.
  5507 | D:8      | Found a sparkling altar of Nemelex Xobeh.
  5561 | D:8      | Identified the +3 quarterstaff of Comoam {pain, Will+ Int+4
                  | Dex-4}
  5686 | D:8      | Slain by a steam dragon
  5686 | D:8      | Lost a life (0 lives remaining)
  5690 | D:8      | Found an opulent altar of Gozag.
  5703 | D:8      | Noticed a boulder beetle
  5730 | D:8      | Annihilated by a boulder beetle

Illustrated notes

Levels and vault maps discovered:
D:1:      erik_arrival_orb_chamber, layout_loops_ring, minmay_octomino_e4
D:2:      layout_basic, hellmonk_ecumenical_altar_run_dry, uniq_terence
D:3:      layout_loops_cross, mainiacjoe_overflow_boulevard,
          chequers_serial_rivers_micro_e, hangedman_abyss_or_decor_stabs,
          bh_walls_and_bars
D:4:      wad_pebble_path, layout_basic, serial_shops,
          nicolae_shop_just_a_little_nook, st_stairs_7, uniq_grinder,
          uniq_sigmund
D:5:      layout_gridville, grunt_decor_resistance, minmay_pentangle
D:6:      layout_basic, fedhas_altar_2, jmf_multi_god_temple,
          minmay_temple_entry_sparse_star, serial_shops, shop,
          corexii_leaking_fountain, kennysheep_generic_room_8,
          uniq_prince_ribbit1
D:7:      layout_cave_pools, kennysheep_mini, serial_shops, shop,
          roderic_lattice_a
D:8:      layout_loops_ring, lemuel_round_altar, grunt_gozag_statues,
          nemelex_xobeh_ov_fountains_minmay, lair_entry_dummy,
          nicolae_take_the_stairs, chequers_serial_rivers_small_b

Skill      XL: |  1  2  3  4  5  6  7  8  9 |
---------------+----------------------------+-----
Stealth        | 2 3 4 5 6 7 8 |  8.5
Unarmed Combat | 4 5 6 7 |  7.3
Dodging        | 6 9 10 11 | 11.3
Fighting       | 6 |  6.0

Action                     |  1- 3 |  4- 6 |  7- 9 || total
---------------------------+-------+-------+-------++-------
  Melee: Unarmed           |    69 |    82 |   261 ||   412
         Bite              |     8 |     9 |    30 ||    47
         Punch             |     1 |     2 |    16 ||    19
 Invoke: Berserk           |     1 |     2 |     4 ||     7
         Trog's Hand       |       |     1 |     3 ||     4
  Evoke: Wand              |       |       |     5 ||     5
    Use: Scroll            |       |     4 |    12 ||    16
         Potion            |       |       |     1 ||     1
   Stab: Sleeping          |     3 |    17 |    10 ||    30
         Distracted        |       |     2 |     1 ||     3
 Armour: Skin              |    17 |    20 |    73 ||   110
  Dodge: Dodged            |    36 |    44 |   248 ||   328
